 Dungeon Crawl Stone Soup version 0.20-a0-1114-g33edf32 (webtiles) character file.

23 4thArraOfDagon the Sneak (level 2, 0/11 HPs)
             Began as a Felid Ice Elementalist on May 6, 2017.
             Slain by a centaur (5 damage)
             ... on level 6 of the Dungeon.
             The game lasted 00:04:49 (681 turns).

4thArraOfDagon the Sneak (Felid Ice Elementalist)    Turns: 681, Time: 00:04:49

Health: 0/11       AC:  3    Str:  2    XL:     2   Next: 72%
Magic:  6/6        EV: 18    Int: 16    God:
Gold:   109        SH:  0    Dex: 16    Spells: 4/5 levels left
                                        Lives:  0   Deaths: 0

rFire    . . .     SeeInvis +     - Unarmed
rCold    . . .     Gourm    .   (shield unavailable)
rNeg     . . .     Faith    .   (armour unavailable)
rPois    .         Spirit   .   (helmet unavailable)
rElec    .         Reflect  .   (cloak unavailable)
rCorr    .         Harm     .   (gloves unavailable)
MR       .....                  (boots unavailable)
Stlth    +++.......             (no amulet)
Regen    0.1/turn               m - ring of flight
MPRegen  0.1/turn               (no ring)

@: quick
A: no armour, no weapons or thrown items, stealth, claws 1, fangs 3, slimy green
scales 1, see invisible, carnivore 3, speed 1, shaggy fur 1, slow metabolism 1,
weak 1, sharp paws
a: Evoke Flight


You were on level 6 of the Dungeon.
You were very full.

You visited 1 branch of the dungeon, and saw 6 of its levels.

You collected 109 gold pieces.

Inventory:

Jewellery
 m - a ring of flight (left paw)
Wands
 j - a wand of confusion (29/48)
Scrolls
 c - a scroll of identify
Books
 a - a book of Frost

   Spells                             Type                      Level
   a - Freeze                         Ice                          1
   b - Throw Frost                    Conjuration/Ice              2
   c - Ozocubu's Armour               Charms/Ice                   3
   d - Throw Icicle                   Conjuration/Ice              4
   e - Summon Ice Beast               Ice/Summoning                4
 k - a book of Changes

   Spells                             Type                      Level
   a - Beastly Appendage              Transmutation                1
   b - Sticks to Snakes               Transmutation                2
   c - Spider Form                    Transmutation/Poison         3
   d - Ice Form                       Ice/Transmutation            4
   e - Blade Hands                    Transmutation                5
Comestibles
 b - 2 meat rations


   Skills:
 + Level 2.9 Dodging
 + Level 3.0 Stealth
 * Level 1.7 Unarmed Combat
 - Level 2.0 Spellcasting
   Level 0.8 Conjurations
 + Level 2.9 Ice Magic


You had 4 spell levels left.
You knew the following spells:

 Your Spells              Type           Power        Failure   Level  Hunger
a - Freeze                Ice            ##..         6%          1    #......


Dungeon Overview and Level Annotations

Branches:
Dungeon (6/15)
 Temple: D:4-7

Altars:
Nemelex Xobeh
Wu Jian


Innate Abilities, Weirdness & Mutations

You cannot wear armour.
You are incapable of wielding weapons or throwing items.
Your paws allow you to move quietly. (Stealth)
You have sharp claws.
You have razor-sharp teeth.
You have supernaturally acute eyesight. (SInv)
You are carnivorous and can eat meat at any time.
You cover ground quickly.
You are covered in fur. (AC +1)
You have a slow metabolism.
Your sharp claws are effective at attacking unaware monsters.
You are partially covered in slimy green scales. (AC +2)
You are weak. (Str -2)


Message History

Evoke which item? (* to show all) (? for menu, Esc to quit)
Aiming: Confuse
Press: ? - help, Shift-Dir - straight line, f - centaur
Aim: a centaur (resting, chance to defeat MR: 46%)
The centaur shouts!
The centaur appears confused.
This wand has 29 charges left.
The centaur wonders, "What am I doing in here?"
Unknown command.
You scratch the centaur.
The centaur is lightly wounded.
You scratch the centaur.
The centaur is lightly wounded.
The centaur completely misses you.
You scratch the centaur but do no damage.
The centaur is lightly wounded.
You catch the helpless centaur completely off-guard!
You claw the centaur!
The centaur is heavily wounded.
The centaur hits you.
You die...

+##
#+####c.##+##
#....@......#
#...........#
+....<......#
#.......##..#
######### ##


You could see a centaur (confused).

Vanquished Creatures
  A shadow imp (D:5)
  A giant cockroach (D:2)
  3 goblins
  2 hobgoblins
  3 kobolds
  A quokka (D:5)
  4 rats
15 creatures vanquished.

Vanquished Creatures (others)
  4 toadstools (D:1)
4 creatures vanquished.

Grand Total: 19 creatures vanquished

Notes
Turn   | Place    | Note
-------+----------+-------------------------------------------
     0 | D:1      | 4thArraOfDagon the Felid Ice Elementalist began the quest for the Orb.
     0 | D:1      | Reached XP level 1. HP: 7/7 MP: 4/4
   101 | D:2      | Reached skill level 1 in Unarmed Combat
   175 | D:2      | Reached XP level 2. HP: 7/11 MP: 1/6
   246 | D:3      | kuniqs: slain by a jackal, cmon
   343 | D:4      | Noticed a phantom
   360 | D:4      | 4thArraOfDagon: yea
   360 | D:4      | 4thArraOfDagon: riddiculous bullshit ;S
   423 | D:4      | Noticed a phantom
   429 | D:4      | Found an ornate altar of the Wu Jian Council.
   478 | D:5      | Entered Level 5 of the Dungeon
   486 | D:5      | Found a sparkling altar of Nemelex Xobeh.
   489 | D:5      | Noticed a crimson imp
   509 | D:5      | Gained mutation: You are weak. (Str -2) [potion of mutation]
   509 | D:5      | Gained mutation: You are partially covered in slimy green scales. (AC +2) [potion of mutation]
   518 | D:5      | Reached skill level 3 in Stealth
   667 | D:5      | Noticed a crimson imp
   674 | D:6      | Noticed a centaur
   681 | D:6      | Slain by a centaur

Vault maps used:
D:1:      ldierk_walled_garden_2
D:2:      interstate_on_off, minmay_randomly_rotated_circles
D:3:      grunt_temple_overflow_gold_and_silver, nicolae_overflow_crystal_walls,
          lemuel_crystal_altar, lemuel_crystal_altar, first_bread,
          hangedman_feature_mirror, uniq_terence
D:4:      kennysheep_vampire_church, lemuel_crystal_altar, fedhas_altar_4,
          portal_sewer_entry_e
D:5:      marbit_many_paths, serial_shops, shop, hangedman_decor_lopped,
          corexii_corridor_pit
D:6:      kennysheep_ying_yang, lemuel_doored_altar

Skill      XL: |  1  2 |
---------------+-------+-----
Unarmed Combat | 1 |  1.7
Stealth        | 3 |  3.0
Dodging        | |  2.9
Spellcasting   | |  2.0
Conjurations   | |  0.8
Ice Magic      | |  2.9

Action                   || total
-------------------------++-------
Melee: Unarmed           ||    37
       Bite              ||     2
 Cast: Freeze            ||    17
Evoke: Wand              ||    12
  Use: Scroll            ||     6
       Potion            ||     3
 Stab: Confused          ||     4
       Sleeping          ||     1
  Eat: Chunk             ||     6
Armor: Skin              ||     2
Dodge: Dodged            ||    34
